 Dungeon Crawl Stone Soup version 0.31-a0-986-g5e6e4ef867 (webtiles) character file.

Game seed: 13376556321880390601

72 chakani the Chiller (level 4, 0/30 HPs)
             Began as a Merfolk Ice Elementalist on Nov 10, 2023.
             Slain by an orc
             ... wielding a +0 falchion
              (7 damage)
             ... on level 2 of the Dungeon.
             The game lasted 00:01:16 (958 turns).

chakani the Chiller (Merfolk Ice Elementalist)       Turns: 958, Time: 00:01:17

Health: 0/30       AC:  2    Str: 10    XL:     4   Next: 26%
Magic:  7/7        EV: 13    Int: 14    God:
Gold:   18         SH:  0    Dex: 14    Spells: 6/7 levels left

rFire   . . .        e - +2 short sword (venom)
rCold   . . .        (no shield)
rNeg    . . .        a - +0 robe
rPois   .            (no helmet)
rElec   .            (no cloak)
rCorr   .            (no gloves)
SInv    .            (no boots)
Will    .....        (no amulet)
Stlth   ++           (no ring)
HPRegen 0.25/turn    (no ring)
MPRegen 0.10/turn

%: no passive effects
@: no status effects
A: (nimble swimmer 2), mertail
a: no special abilities


You were on level 2 of the Dungeon.
You visited 1 branch of the dungeon, and saw 2 of its levels.

You collected 18 gold pieces.

Inventory:

Hand Weapons
 e - a +2 short sword of venom (weapon)
Armour
 a - a +0 robe (worn)
Jewellery
 g - a ring of protection from cold
Scrolls
 d - 2 scrolls of blinking {unknown}
 f - a scroll of poison {unknown}
 j - a scroll of enchant armour {unknown}
Potions
 b - 2 potions of magic
 c - a potion of curing {unknown}
 h - a potion of haste {unknown}
 i - a potion of degeneration {unknown}


   Skills:
 - Level 3.4 Short Blades
 - Level 3.1 Dodging
 - Level 2.4 Stealth
 - Level 2.2 Spellcasting
 + Level 4.7 Ice Magic


You had 6 spell levels left.
You knew the following spells:

 Your Spells              Type           Power      Damage    Failure   Level
a - Freeze                Ice            56%        1d7       3%          1

Your spell library contained the following spells:

 Spells                   Type           Power      Damage    Failure   Level
 Frozen Ramparts          Ice            28%        1d5       10%         3
 Ozocubu's Armour         Ice            14%        N/A       10%         3
 Blink                    Tloc           2%         N/A       34%         2
 Lesser Beckoning         Tloc           2%         N/A       34%         2
 Momentum Strike          Conj/Tloc      2%         3d8       34%         2
 Summon Ice Beast         Ice/Summ       8%         N/A       65%         4


Dungeon Overview and Level Annotations

Branches:
Dungeon (2/15)

Altars:

Shops:
D:2 (


Innate Abilities, Weirdness & Mutations

((You are very nimble when in or above water. (Stealth+, EV+, Speed+++)))
Your lower body shifts to a powerful aquatic tail in water.


Message History

You completely miss the orc.
The orc is almost dead.
The orc hits you with a +0 falchion.
You closely miss the orc.
The orc is almost dead.
The orc hits you with a +0 falchion.
You are too injured to fight recklessly!
You are too injured to fight recklessly!
You are too injured to fight recklessly!
You are too injured to fight recklessly!
You are too injured to fight recklessly!
You are too injured to fight recklessly!
You are too injured to fight recklessly!
You are too injured to fight recklessly!
You are too injured to fight recklessly!
You are too injured to fight recklessly!
You are too injured to fight recklessly!
You are too injured to fight recklessly!
You are too injured to fight recklessly!
You are too injured to fight recklessly!
You are too injured to fight recklessly!
Unknown command.
You are too injured to fight recklessly!
An orc is nearby!
You barely miss the orc.
The orc is almost dead.
The orc closely misses you.
You closely miss the orc.
The orc is almost dead.
The orc hits you with a +0 falchion.
You hit the orc but do no damage.
The orc is severely wounded.
The orc hits you with a +0 falchion.
* * * LOW HITPOINT WARNING * * *
You closely miss the orc.
The orc is severely wounded.
You barely miss the orc.
The orc is severely wounded.
The orc hits you with a +0 falchion!
You die...

# # # ###########
.............########
###.########...o@...#
##...## #..#####.#
#.....# #. ####.#
##...## ..##.# ##.##
#<##.# #.# # #.##.#
#.# #.##.##.# ##'##
#.......# ##...##
####.####


You could see an orc.

Vanquished Creatures
  An orc wizard (D:2)
  2 worms (D:2)
  A dart slug (D:2)
  5 orcs (D:2)
  6 ball pythons
  A bat (D:1)
  An endoplasm (D:1)
  2 goblins (D:1)
  2 hobgoblins (D:1)
  2 quokkas (D:1)
  3 frilled lizards
  6 kobolds
  2 rats
34 creatures vanquished.

Notes
Turn   | Place    | Note
-------+----------+-------------------------------------------
     0 | D:1      | chakani the Merfolk Ice Elementalist began the quest for
                  | the Orb.
     0 | D:1      | Reached XP level 1. HP: 13/13 MP: 3/3
   262 | D:1      | Reached XP level 2. HP: 12/19 MP: 5/5
   355 | D:1      | Reached skill level 1 in Short Blades
   678 | D:1      | You fall into a shaft and drop 1 floor!
   683 | D:2      | Found Jarphy's Antique Weapon Boutique.
   721 | D:2      | Reached XP level 3. HP: 22/24 MP: 6/6
   840 | D:2      | Reached XP level 4. HP: 24/30 MP: 7/7
   958 | D:2      | Slain by an orc

Illustrated notes

Levels and vault maps discovered:
D:1:      psy_arrival_terrarium, layout_basic
D:2:      layout_loops_corners, serial_shops, shop

Skill      XL: |  1  2  3 |
---------------+----------+-----
Dodging        | 3 |  3.1
Short Blades   | 1 3 |  3.4
Stealth        | |  2.4
Spellcasting   | |  2.2
Ice Magic      | |  4.7

Action                     |  1- 3 |  4- 6 || total
---------------------------+-------+-------++-------
  Melee: Unarmed           |     6 |       ||     6
         Short sword       |    52 |    30 ||    82
   Cast: Freeze            |    10 |       ||    10
   Stab: Sleeping          |     3 |       ||     3
 Armour: Robe              |    26 |     9 ||    35
  Dodge: Dodged            |    44 |    13 ||    57

Table legend: (Time is in decaauts)
 A = Elapsed time spent in this place.
 B = Non-inter-level travel time spent in this place.
 C = Inter-level travel time spent in this place.
 D = Time resting spent in this place.
 E = Time spent auto-exploring this place.
 F = Levels seen in this place.
 G = Mean time per level.
                   A        B        C        D        E       F      G
               +--------+--------+--------+--------+--------+-----+--------+
         Total |    949 |    949 |      0 |     52 |    658 |   2 |  474.5 |
       Dungeon |    949 |    949 |      0 |     52 |    658 |   2 |  474.5 |
               +--------+--------+--------+--------+--------+-----+--------+

Top non-repeatable levels by time:
     D:1: 677 daAuts
     D:2: 272 daAuts
